 Dungeon Crawl Stone Soup version 0.29.1-2-gbd0b4ee654 (webtiles) character file.

Game seed: 14841287707344997825

14 nshep25 the Shield-Bearer (level 2, -6/27 HPs)
             Began as a Minotaur Fighter on Nov 14, 2022.
             Mangled by a gnoll
             ... wielding a +0 flail
              (8 damage)
             ... on level 1 of the Dungeon.
             The game lasted 00:00:38 (446 turns).

nshep25 the Shield-Bearer (Minotaur Fighter)         Turns: 446, Time: 00:00:39

Health: -6/27      AC:  7    Str: 20    XL:     2   Next: 27%
Magic:  1/1        EV:  9    Int:  5    God:
Gold:   18         SH:  4    Dex:  9    Spells: 1/1 levels left

rFire   . . .      SeeInvis .   a - +0 war axe
rCold   . . .      Faith    .   c - +0 buckler
rNeg    . . .      Spirit   .   b - +0 scale mail
rPois   .          Reflect  .   (helmet restricted)
rElec   .          Harm     .   (no cloak)
rCorr   .          Rampage  .   (no gloves)
Will    +....                   (no boots)
Stlth   ..........              (no amulet)
HPRegen 0.09/turn               g - ring of willpower
MPRegen 0.07/turn               (no ring)

@: no status effects
A: horns 2, retaliatory headbutt
a: no special abilities


You were on level 1 of the Dungeon.
You visited 1 branch of the dungeon, and saw 1 of its levels.

You collected 18 gold pieces.

Inventory:

Hand Weapons
 a - a +0 war axe (weapon)
Armour
 b - a +0 scale mail (worn)
 c - a +0 buckler (worn)
Jewellery
 g - a ring of willpower (left hand)
Scrolls
 e - 2 scrolls of identify {unknown}
Potions
 d - a potion of might
 f - a potion of lignification {unknown}
 h - a potion of curing {unknown}


   Skills:
 + Level 3.8 Fighting
 + Level 2.8 Axes
 + Level 3.7 Armour
 + Level 4.0 Shields


You had one spell level left.
You didn't know any spells.
Your spell library was empty.

Dungeon Overview and Level Annotations

Branches:
Dungeon (1/15)

Altars:


Innate Abilities, Weirdness & Mutations

You have a pair of horns on your head.
You reflexively headbutt those who attack you in melee.


Message History

You block the hobgoblin's attack.
You barely miss the gnoll. You headbutt the gnoll.
The gnoll is moderately wounded.
You hit the hobgoblin. You block the hobgoblin's attack.
You block the gnoll's attack.
You barely miss the gnoll.
The gnoll is moderately wounded.
You hit the hobgoblin.
You kill the hobgoblin!
The kobold throws a stone.
The stone barely misses you. The gnoll closely misses you.
Your Shields skill increases to level 4!
You barely miss the gnoll.
The gnoll is moderately wounded.
The gnoll misses you. You block the gnoll's attack.
You barely miss the gnoll.
The gnoll is moderately wounded.
You barely miss the kobold. The kobold misses you.
The gnoll hits you with a +0 flail.
You closely miss the gnoll. Your headbutt misses the gnoll.
The gnoll is moderately wounded.
You closely miss the kobold. The gnoll barely misses you.
The kobold hits you but does no damage. The kobold barely misses you.
You block the gnoll's attack.
You closely miss the gnoll.
The gnoll is moderately wounded.
You hit the kobold.
The kobold hits you with a +0 short sword.
* * * LOW HITPOINT WARNING * * *
The gnoll closely misses you.
You slash the gnoll!
The gnoll is almost dead.
You hit the kobold.
You kill the kobold!
The gnoll hits you with a +0 flail.
* * * LOW HITPOINT WARNING * * *
You closely miss the gnoll.
The gnoll is almost dead.
The gnoll hits you with a +0 flail!
You die...

...... #.....
####....####
#..........## ..
#...........#.... #.
#............#....#####.
#...#..g................
.....>)@.....# .........
....#..†.....# ........
. #........#####......
#...................
#...................
.......###...........†
.......# #............
#........ #.....†.##...
......:.. #.......###..


You could see a gnoll.

Vanquished Creatures
  A bat (D:1)
  An endoplasm (D:1)
  4 hobgoblins (D:1)
  3 frilled lizards (D:1)
  2 goblins (D:1)
  A kobold (D:1)
  A rat (D:1)
13 creatures vanquished.

Notes
Turn   | Place    | Note
-------+----------+-------------------------------------------
     0 | D:1      | nshep25 the Minotaur Fighter began the quest for the Orb.
     0 | D:1      | Reached XP level 1. HP: 19/19 MP: 0/0
   335 | D:1      | Reached XP level 2. HP: 23/27 MP: 1/1
   425 | D:1      | Found a faded altar of an unknown god.
   441 | D:1      | Reached skill level 4 in Shields
   446 | D:1      | Mangled by a gnoll

Illustrated notes

Levels and vault maps discovered:
D:1:      minmay_arrival_nine_rooms, layout_basic, ebering_ecumenical_altar_box

Skill      XL: |  1  2 |
---------------+-------+-----
Shields        | 4 |  4.0
Fighting       | |  3.8
Axes           | |  2.8
Armour         | |  3.7

Action                   || total
-------------------------++-------
Melee: War axe           ||    42
       Headbutt          ||     5
Armor: Scale mail        ||    23
Dodge: Dodged            ||    28
Block: Buckler           ||    15
